 Dungeon Crawl Stone Soup version 0.23.2-40-g277498a001 (webtiles) character file.

Game seed: 6045513655782524612

165 Descartes the Sneak (level 5, -1/24 HPs)
             Began as a Spriggan Conjurer on Aug 22, 2019.
             Killed from afar by Ijyb (24 damage)
             ... with a wand of acid (2)
             ... on level 3 of the Dungeon.
             The game lasted 00:13:49 (4357 turns).

Descartes the Sneak (Spriggan Conjurer)             Turns: 4357, Time: 00:13:50

Health: -1/24      AC:  2    Str:  4    XL:     5   Next: 22%
Magic:  2/12       EV: 20    Int: 18    God:
Gold:   188        SH:  0    Dex: 16    Spells: 9/12 levels left

rFire    . . .     SeeInvis +   g - +0 dagger
rCold    . . .     Gourm    .   (shield restricted)
rNeg     . . .     Faith    .   a - +0 robe
rPois    .         Spirit   .   (helmet restricted)
rElec    .         Reflect  .   (no cloak)
rCorr    .         Harm     .   (gloves unavailable)
MR       .....                  (boots unavailable)
Stlth    +++.......             (no amulet)
HPRegen  0.08/turn              (no ring)
MPRegen  0.13/turn              (no ring)

@: very quick
A: very small, unfitting armour, see invisible, herbivore, speed 3, slow
metabolism 2
a: no special abilities


You were on level 3 of the Dungeon.
You were hungry.

You visited 1 branch of the dungeon, and saw 3 of its levels.

You collected 188 gold pieces.

Inventory:

Hand Weapons
 g - a +0 dagger (weapon)
 o - a +0 hunting sling
Missiles
 e - 127 stones (quivered)
 f - 6 tomahawks
 h - 23 arrows
 j - 22 poisoned needles
 m - 7 needles of paralysis
Armour
 a - a +0 robe (worn)
Scrolls
 d - 2 scrolls of teleportation {unknown}
 i - a scroll of amnesia {unknown}
 k - a scroll of enchant armour {unknown}
 n - a scroll of remove curse {unknown}
Potions
 b - 2 potions of brilliance {unknown}
 l - 2 potions of curing {unknown}
Comestibles
 c - 5 rations


   Skills:
 + Level 4.7 Dodging
 + Level 5.0 Stealth
 + Level 4.0 Spellcasting
 + Level 3.5 Conjurations


You had 9 spell levels left.
You knew the following spells:

 Your Spells              Type           Power        Failure   Level  Hunger
a - Magic Dart            Conj           ###.         3%          1    None
b - Searing Ray           Conj           ###...       5%          2    ##.....

Your spell library contained the following spells:

 Spells                   Type           Power        Failure   Level  Hunger
 Dazzling Spray           Conj/Hex       ##....       22%         3    ###....
 Iskenderun's Mystic Bla  Conj           ###.....     34%         4    ####...
 Force Lance              Conj/Tloc      ##......     56%         4    ####...
 Fulminant Prism          Conj/Hex       ##........   56%         4    ####...


Dungeon Overview and Level Annotations

Branches:
Dungeon (3/15)

Altars:
Vehumet
Xom

Annotations:
D:3 Grinder, Ijyb, Robin


Innate Abilities, Weirdness & Mutations

You are very small and have problems with some larger weapons.
You are too small for most types of armour.
You have supernaturally acute eyesight. (SInv)
You are a herbivore.
You cover ground extremely quickly.
You need to consume almost no food.


Message History

Aiming: Magic Dart (safe; 3% risk of failure)
Press: ? - help, Shift-Dir - straight line, f/p - Ijyb
Aim: Ijyb, wielding a +0 club, wearing a +0 scale mail and carrying a wand of acid (3) (almost dead)
The magic dart hits Ijyb but does no damage.
Ijyb is almost dead.
You hit Ijyb but do no damage.
Ijyb is almost dead.
Ijyb misses you.
You hit Ijyb but do no damage.
Ijyb is almost dead.
Ijyb misses you.
You hit Ijyb but do no damage.
Ijyb is almost dead.
Ijyb zaps a wand.
The bolt of acid misses you.
You hit Ijyb but do no damage.
Ijyb is almost dead.
Ijyb screams, "I no like you!"
Ijyb zaps a wand.
The bolt of acid hits you!!
Ouch! That really hurt!
You die...

#.##.# #.##.# ##########
########.##.### #.........
.........##...# #.########
.#######.####.# #.# # #..# #.#
#.# # #..###.# #.# # #...##.#
#.######## #.#....#@# #.##......
#.#.###..#g# #.##.##### #.#.#
##.#S# #.##.[.... # #.#.#
#.#.#######.######## #.#.#.#
#.#)##.............. . #g#.#.#
#...##.####.#######. ...#...#.#
#...##.#..).......#g
.......#.####...##.#....#####.#.
......Sg...........)....).......


You could see Ijyb and a ball python.

Vanquished Creatures
  Jessica (D:2)
  6 adders
  2 oozes
  3 worms (D:2)
  2 dart slugs (D:2)
  5 orcs (D:3)
  A ball python (D:2)
  2 giant cockroaches
  8 goblins
  10 hobgoblins
  4 jackals
  A quokka (D:2)
  4 bats
  6 frilled lizards
  3 rats
58 creatures vanquished.

Notes
Turn   | Place    | Note
-------+----------+-------------------------------------------
     0 | D:1      | Descartes the Spriggan Conjurer began the quest for the
                  | Orb.
     0 | D:1      | Reached XP level 1. HP: 9/9 MP: 5/5
    14 | D:1      | You fall through a shaft!
   269 | D:2      | Reached XP level 2. HP: 13/13 MP: 1/6
   320 | D:2      | Learned a level 2 spell: Searing Ray
  1132 | D:1      | Reached XP level 3. HP: 16/16 MP: 3/8
  1715 | D:1      | Reached skill level 4 in Stealth
  1939 | D:2      | Found a radiant altar of Vehumet.
  2066 | D:2      | Reached XP level 4. HP: 21/21 MP: 5/10
  2277 | D:2      | Noticed Jessica
  2289 | D:2      | Killed Jessica
  3324 | D:2      | Found a shimmering altar of Xom.
  3410 | D:3      | Reached XP level 5. HP: 24/24 MP: 8/11
  3411 | D:3      | Noticed Robin
  3974 | D:3      | Noticed Grinder
  4023 | D:3      | Reached skill level 5 in Stealth
  4070 | D:3      | Paralysed by Grinder for 3 turns
  4328 | D:3      | Noticed Ijyb
  4357 | D:3      | Killed from afar by Ijyb

Skill      XL: |  1  2  3  4  5 |
---------------+----------------+-----
Conjurations   | 3 |  3.5
Spellcasting   | 3 4 |  4.0
Stealth        | 4 5 |  5.0
Dodging        | 4 |  4.7

Action                   |  1- 3 |  4- 6 || total
-------------------------+-------+-------++-------
Melee: Dagger            |       |    12 ||    12
 Cast: Magic Dart        |    94 |   130 ||   224
       Searing Ray       |       |     1 ||     1
Armor: Robe              |     7 |     5 ||    12
Dodge: Dodged            |    27 |    57 ||    84
